 Dungeon Crawl Stone Soup version 0.25.1-2-g60ff931df9 (console) character file.

Game seed: 3059118021469040757

10 Colgate the Caller (level 2, 20/20 HPs)
             Began as a Hill Orc Summoner on Aug 28, 2020.
             Was an Initiate of Ashenzari.
             Quit the game on level 1 of the Dungeon.
             The game lasted 00:08:04 (794 turns).

Colgate the Caller (Hill Orc Summoner)               Turns: 794, Time: 00:08:04

Health: 20/20      AC:  5    Str: 16    XL:     2   Next: 20%
Magic:  4/4        EV: 11    Int: 15    God:    Ashenzari [......]
Gold:   61         SH:  0    Dex: 11    Spells: 1/4 levels left

rFire    . . .     SeeInvis .   (no weapon)
rCold    . . .     Gourm    .   (no shield)
rNeg     . . .     Faith    .   h - +0 ring mail
rPois    .         Spirit   .   (no helmet)
rElec    .         Reflect  .   (no cloak)
rCorr    .         Harm     .   (no gloves)
MR       .....                  (no boots)
Stlth    +.........             (no amulet)
HPRegen  0.06/turn              f - +6 ring of strength
MPRegen  0.09/turn              (no ring)

@: no status effects
A: no striking features
a: Curse Item, Renounce Religion


You were on level 1 of the Dungeon.
You worshipped Ashenzari.
Ashenzari was noncommittal.
You were not hungry.

You visited 1 branch of the dungeon, and saw 1 of its levels.

You collected 61 gold pieces.

Inventory:

Missiles
 d - 20 stones (quivered)
 g - 8 bolts
Armour
 a - a +0 robe
 h - a +0 ring mail (worn)
Jewellery
 f - a +6 ring of strength (left hand)
Scrolls
 b - a scroll of enchant armour {unknown}
 e - a scroll of identify {unknown}
 i - a scroll of noise {unknown}
 j - a scroll of magic mapping {unknown}
Comestibles
 c - 2 rations


   Skills:
 - Level 1.5 Dodging
 - Level 1.5 Stealth
 - Level 1.5 Spellcasting
 + Level 4.5 Summonings


You had one spell level left.
You knew the following spells:

 Your Spells              Type           Power        Failure   Level  Hunger
a - Summon Small Mammal   Summ           ##..         7%          1    ##.....
b - Call Imp              Summ           ##......     11%         2    ###....

Your spell library contained the following spells:

 Spells                   Type           Power        Failure   Level  Hunger
 Call Canine Familiar     Summ           ##......     21%         3    ####...
 Summon Guardian Golem    Hex/Summ       #.......     47%         3    ####...
 Summon Ice Beast         Ice/Summ       #.......     87%         4    #####..
 Summon Lightning Spire   Summ/Air       #.......     87%         4    #####..


Dungeon Overview and Level Annotations

Branches:
Dungeon (1/15)

Altars:
Ashenzari


Message History

Your white imp hits the bat but does no damage.
The bat barely misses your crimson imp.
Your white imp gestures at the bat.
The puff of frost hits the bat.
The bat dies!
Your crimson imp blinks!
Your crimson imp disappears in a puff of smoke!
You swap places.
Your white imp disappears in a puff of smoke!
You now have 46 gold pieces (gained 14).
i - a scroll labeled QITSIHIUDO
j - a scroll labeled ISHREWN QYLO You now have 61 gold pieces (gained 15).
All of the chunks of flesh in your inventory have rotted away.
Done exploring.
Search for what [Enter for "d:1", or ? for help]?
Search for what [Enter for "d:1", or ? for help]?
You see here 20 stones.
d - 20 stones Are you sure you want to abandon this character and quit the game? (Confirm with "yes".)

#.# #.#..............## #
#.# #.............##..###
#.# #.............###...#
#.# #............>....#..
#.#####..........####......
#.....#..........#........#
##.##............#........#
#..##.....................
##.#........>...#........#
#.......................#
#####......@......#.........
#.................#######...
#.................# ##..
#................########..#
#...........................
#.........#.####.#######.###
###...#####.#.# #..# ##.# #
#.............#####.# #..# #
#####.####.......##.### #.##
# #.# #.......##...###.####
#.# #.......####.........


There were no monsters in sight!

Vanquished Creatures
  A hobgoblin (D:1)
  A rat (D:1)
2 creatures vanquished.

Vanquished Creatures (collateral kills)
  A leopard gecko (D:1)
  2 ball pythons (D:1)
  2 giant cockroaches (D:1)
  2 goblins (D:1)
  2 hobgoblins (D:1)
  2 jackals (D:1)
  A bat (D:1)
12 creatures vanquished.

Grand Total: 14 creatures vanquished

Notes
Turn   | Place    | Note
-------+----------+-------------------------------------------
     0 | D:1      | Colgate the Hill Orc Summoner began the quest for the Orb.
     0 | D:1      | Reached XP level 1. HP: 14/14 MP: 3/3
   236 | D:1      | Found a shattered altar of Ashenzari.
   243 | D:1      | Became a worshipper of Ashenzari the Shackled
   256 | D:1      | Reached XP level 2. HP: 20/20 MP: 0/4
   260 | D:1      | Learned a level 2 spell: Call Imp
   794 | D:1      | Quit the game

Illustrated notes

Levels and vault maps discovered:
D:1:      psy_arrival_whirlpool, layout_rooms, evilmike_ruin_ashenzari

Action                   || total
-------------------------++-------
Melee: Unarmed           ||     3
 Cast: Summon Small Mamm ||    19
       Call Imp          ||     5
 Stab: Sleeping          ||     1
Dodge: Dodged            ||     1
